 Dungeon Crawl Stone Soup version 0.30.1-4-g462c640d31 (webtiles) character file.

Game seed: 7075776248689017365

222749 Peloso the Hoplite (level 18, -3/170 HPs)
             Began as a Minotaur Fighter on Sept 17, 2023.
             Was the Champion of Okawaru.
             Hit by a javelin thrown by a merfolk javelineer (16 damage)
             ... led by Ilsuiw
             ... on level 2 of the Shoals.
             The game lasted 01:36:47 (36005 turns).

Peloso the Hoplite (Minotaur Fighter)              Turns: 36005, Time: 01:36:49

Health: -3/170     AC: 27    Str: 23    XL:     18   Next: 54%
Magic:  18/18      EV: 11    Int: 11    God:    Okawaru [******]
Gold:   2077       SH: 34    Dex: 27    Spells: 17/17 levels left

rFire   + + .        a - +6 scimitar of the Grave {heavy, rElec rPois rN+ Int+3 Stlth-}
rCold   + + +        d - +6 tower shield of Lethargy {Will+ rCorr}
rNeg    + + .        k - +2 plate armour {rN+}
rPois   +            m - +4 hat "Weiz Xioth" {rC+}
rElec   +            U - scarf {rC+ rF+}
rCorr   +            w - +0 pair of gloves of Immorality {rElec rPois rC+}
SInv    .            P - +1 pair of boots of Exclusion {rF+ Int-4 Dex+5}
Will    ++...        p - amulet of Vitality {RegenMP++ Regen++} Stlth
                     o - ring of flight
HPRegen 2.08/turn    z - ring of Geewekki {rElec Int+7 Dex+6 Stlth-}
MPRegen 0.96/turn

%: no passive effects
@: engulfed (cannot breathe), flying, hasted, very quick
A: horns 2, retaliatory headbutt
}: 1/15 runes: serpentine
a: Renounce Religion, Heroism, Finesse, Duel


You were on level 2 of the Shoals.
You worshipped Okawaru.
Okawaru was exalted by your worship.
You visited 6 branches of the dungeon, and saw 29 of its levels.
You visited the Abyss 1 time.
You also visited: Ossuary, Gauntlet and Ice Cave.

You collected 3845 gold pieces.
You spent 1768 gold pieces at shops.

Inventory:

Hand Weapons
 a - the +6 scimitar of the Grave (weapon) {heavy, rElec rPois rN+ Int+3 Stlth-}
   (Okawaru gifted it to you in an ice cave)

   Int:       It affects your intelligence (+3).
   rElec:     It insulates you from electricity.
   rPois:     It protects you from poison.
   rN:        It protects you from negative energy.
   Stlth:     It makes you less stealthy.
 b - the +6 long sword "Eprediw" {freeze, Str+3}
   (You found it in an ice cave)

   Str:       It affects your strength (+3).
Missiles
 J - a throwing net (quivered)
Armour
 d - the +6 tower shield of Lethargy (worn) {Will+ rCorr}
   (You took it off Louise on level 15 of the Dungeon)

   rCorr:     It protects you from acid and corrosion.
   Will:      It increases your willpower.
 k - a +2 plate armour of positive energy (worn)
 m - the +4 hat "Weiz Xioth" (worn) {rC+}
   (Okawaru gifted it to you on level 1 of the Snake Pit)

   rC:        It protects you from cold.
 w - the +0 pair of gloves of Immorality (worn) {rElec rPois rC+}
   (Okawaru gifted it to you on level 4 of the Snake Pit)

   rC:        It protects you from cold.
   rElec:     It insulates you from electricity.
   rPois:     It protects you from poison.
 E - a +2 pair of gloves of strength
 P - the +1 pair of boots of Exclusion (worn) {rF+ Int-4 Dex+5}
   (Okawaru gifted it to you on level 1 of the Lair of Beasts)

   Int:       It affects your intelligence (-4).
   Dex:       It affects your dexterity (+5).
   rF:        It protects you from fire.
 U - a scarf of resistance (worn)
Jewellery
 c - a ring of protection from fire
 h - an amulet of reflection
 o - a ring of flight (left hand)
 p - the amulet of Vitality (around neck) {RegenMP++ Regen++}
   (You bought it in a shop on level 1 of the Snake Pit)

   [amulet of magic regeneration]

   It increases your rate of magic regeneration.
   Regen:     It increases your rate of health regeneration.
 z - the ring of Geewekki (right hand) {rElec Int+7 Dex+6 Stlth-}
   (You found it in a Gauntlet)

   [ring of dexterity]

   Int:       It affects your intelligence (+7).
   Dex:       It affects your dexterity (+6).
   rElec:     It insulates you from electricity.
   Stlth:     It makes you less stealthy.
 L - an amulet of regeneration
 X - the ring of Satisfaction {Will+ SInv}
   (You took it off an ogre mage on level 10 of the Dungeon)

   [ring of see invisible]

   SInv:      It lets you see invisible.
   Will:      It increases your willpower.
Wands
 j - a wand of iceblast (2)
 A - a wand of flame (27)
 O - a wand of digging (5)
Scrolls
 e - a scroll of fog
 g - 10 scrolls of teleportation
 i - 8 scrolls of blinking
 n - 2 scrolls of acquirement
 r - a scroll of summoning
 s - 4 scrolls of fear
 y - 3 scrolls of amnesia
 B - 6 scrolls of magic mapping
 D - a scroll of silence
 F - 3 scrolls of poison
 H - a scroll of enchant armour
 M - 2 scrolls of immolation
 N - 17 scrolls of identify
Potions
 f - 9 potions of might
 l - 4 potions of flight
 q - a potion of mutation
 t - 2 potions of haste
 v - a potion of magic
 x - 12 potions of curing
 C - a potion of brilliance
 G - 6 potions of invisibility
 I - 4 potions of resistance
 K - 2 potions of berserk rage


   Skills:
 + Level 17.4 Fighting
 + Level 18.9 Long Blades
 + Level 15.9 Armour
 + Level 4.5 Dodging
 + Level 2.4 Stealth
 + Level 26.6 Shields
 + Level 1.4 Invocations
 + Level 1.1 Evocations


You had 17 spell levels left.
You didn't know any spells.
Your spell library contained the following spells:

 Spells                   Type           Power      Damage    Failure   Level
 Apportation              Tloc           0%         N/A       96%         1
 Magic Dart               Conj           0%         1d3       96%         1
 Necrotise                Necr           0%         1d4       96%         1
 Shock                    Conj/Air       0%         1d3       96%         1
 Slow                     Hex            0%         N/A       96%         1
 Blink                    Tloc           0%         N/A       99%         2
 Cigotuvi's Dreadful Rot  Necr/Pois/Air  0%         N/A       99%         2
 Searing Ray              Conj           0%         2d4       99%         2
 Static Discharge         Conj/Air       0%         2-2/arc   99%         2
 Sublimation of Blood     Necr           0%         N/A       99%         2
 Confusing Touch          Hex            0%         N/A       100%        3
 Dazzling Flash           Conj/Hex       0%         N/A       100%        3
 Gell's Gravitas          Tloc           0%         N/A       100%        3
 Hailstorm                Conj/Ice       0%         3d3       100%        3
 Ignite Poison            Fire/Tmut/Pois 0%         N/A       100%        3
 Inner Flame              Hex/Fire       0%         N/A       100%        3
 Ozocubu's Armour         Ice            0%         N/A       100%        3
 Stone Arrow              Conj/Erth      0%         3d7       100%        3
 Swiftness                Air            0%         N/A       100%        3
 Teleport Other           Tloc           0%         N/A       100%        3
 Vampiric Draining        Necr           0%         2d6       100%        3
 Airstrike                Air            0%         2d(0-16)  100%        4
 Flame Wave               Conj/Fire      0%         2d4       100%        4
 Fulminant Prism          Conj/Hex       0%         3d5       100%        4
 Ice Form                 Ice/Tmut       0%         N/A       100%        4
 Leda's Liquefaction      Hex/Erth       0%         N/A       100%        4
 Manifold Assault         Tloc           0%         N/A       100%        4
 Petrify                  Tmut/Erth      0%         N/A       100%        4
 Sticky Flame             Conj/Fire      0%         2d3       100%        4
 Agony                    Necr           0%         N/A       100%        5
 Freezing Cloud           Conj/Ice/Air   0%         6-21      100%        5
 Irradiate                Conj/Tmut      0%         3d11      100%        5
 Lee's Rapid Deconstruct  Erth           0%         3d4*      100%        5
 Silence                  Hex/Air        0%         N/A       100%        5
 Dispersal                Tloc           0%         N/A       100%        6
 Statue Form              Tmut/Erth      0%         N/A       100%        6
 Ozocubu's Refrigeration  Ice            0%         4d7       100%        7
 Storm Form               Tmut/Air       0%         N/A       100%        7
 Lehudib's Crystal Spear  Conj/Erth      0%         10d2      100%        8
 Summon Small Mammal      Summ           Unusable   N/A       N/A         1
 Animate Armour           Summ/Erth      Unusable   N/A       N/A         4
 Summon Lightning Spire   Summ/Air       Unusable   N/A       N/A         4
 Simulacrum               Ice/Necr       Unusable   N/A       N/A         6

Dungeon Overview and Level Annotations

Branches:
Dungeon (15/15)            Temple (1/1) D:6            Lair (5/5) D:10
 Shoals (2/4) Lair:2        Snake (4/4) Lair:3        Slime (0/5) Lair:5
    Orc (2/2) D:10            Elf (0/3) Orc:2        Vaults (0/5) D:14
 Depths (0/4) D:15        Ossuary (visited)           IceCv (visited)
Gauntlet (visited)

Altars:
Ashenzari
Cheibriados
Dithmenos
Elyvilon
Fedhas
Gozag
Hepliaklqana
Kikubaaqudgha
Nemelex Xobeh
Okawaru
Qazlal
Ru
Sif Muna
Trog
Vehumet
Wu Jian
Xom
Yredelemnul
Zin
The Shining One
Jiyva

Shops:
D:3 (   D:5 ?   D:7 !   D:11 :   Orc:2 ?!?:   Shoals:1 =   Shoals:2 (
Snake:1 :=:   Snake:4 *=

Annotations:
Shoals:2 Ilsuiw
Snake:2 3 runed translucent doors, Ireodoys's ghost, journeyman DsFE


Innate Abilities, Weirdness & Mutations

You have a pair of horns on your head.
You reflexively headbutt those who attack you in melee.


Message History

Your lungs strain for air!
You feel sick. You block the wind drake's attack.
You block the water elemental's attack.
The merfolk hits you but does no damage.
Unknown command.
You slash the merfolk javelineer!
Your headbutt misses the merfolk javelineer.
The merfolk javelineer is almost dead.
* * * LOW HITPOINT WARNING * * *
Your lungs strain for air!
You block the water elemental's attack. x2; You block the wind drake's attack.
The merfolk javelineer throws a javelin.
The javelin pierces through you.
* * * LOW HITPOINT WARNING * * *
The javelin pierces through the wind drake!
The water elemental hits you!
* * * LOW HITPOINT WARNING * * *
Unknown command.
Okay, then.
You feel better.
* * * LOW HITPOINT WARNING * * *
Your lungs strain for air!
You block the merfolk's attack. You block the water elemental's attack.
The water elemental hits you. You block the wind drake's attack.
The merfolk javelineer throws a javelin.
The javelin barely misses you.
The javelin misses the wind drake.
Unknown command.
You feel better.
* * * LOW HITPOINT WARNING * * *
Your lungs strain for air!
You block the water elemental's attack. You block the merfolk's attack.
You block the wind drake's attack.
Unknown command.
You feel better.
* * * LOW HITPOINT WARNING * * *
Your lungs strain for air!
You block the water elemental's attack. x2
The merfolk javelineer throws a javelin.
The javelin pierces through you!
You die...

~....... ~.......
~~.....~~~≈≈≈≈≈≈≈ ........
~~.....~~~~≈≈≈≈≈≈≈ ........
~~.....~~~~≈≈≈≈≈≈≈# ...~~.~.
~~.....~~~~≈≈≈≈≈≈≈# ..~~~~~.
.......~~~~~≈≈≈≈≈≈# .~~..~..
........~~~~≈≈≈≈≈≈# ....≈≈~.
......mmE~~~~≈≈≈≈≈# ).≈≈≈~~.
......E@)~!~~≈≈≈≈≈# .~≈≈≈~~.
~.....)Ek~{~~≈≈≈≈≈# ..≈≈≈~..
~~..#######~~≈≈≈≈≈#
.~≈≈>.~~~~~~.#.....#~~≈≈≈≈≈#
..~~...~~~~~~#.∩.>.#~~≈≈≈≈≈#
..~~~....~~~~#.....#~~≈≈≈≈≈#
..~~.....~~~~#######~~≈≈≈≈≈#
..~.......~~~~..~~~~~~≈≈≈≈≈#
~~~.......~~~..~~~~~~~≈≈≈≈≈#


You could see a merfolk javelineer, a wind drake (repels missiles), a merfolk
and 3 water elementals.

Vanquished Creatures
  Rupert (D:15)
  A tentacled starspawn (Abyss:1)
  A kraken (Shoals:2)
  Frances (D:13)
  Agnes (D:14)
  5 nagarajas
  A frost giant (IceCv)
  Louise (D:15)
  Aizul (Snake:1)
  Nessos (Lair:5)
  A minotaur (Gauntlet)
  3 dire elephants
  Snorg (Orc:1)
  A merfolk javelineer (Shoals:1)
  A merfolk impaler (Shoals:2)
  Erolcha (D:13)
  Josephine (D:15)
  Fannar (D:11)
  2 ogre magi
  3 hydras
  2 salamander tyrants
  A catoblepas (Lair:3)
  A merfolk avatar (Shoals:1)
  A satyr (Shoals:2)
  Erica (D:8)
  10 centaur warriors
  12 anacondas
  A merfolk aquamancer (Shoals:1)
  11 naga warriors
  15 naga sharpshooters
  4 two-headed ogres
  5 tengu warriors
  2 boulder beetles
  19 death yaks
  9 shock serpents
  4 orc high priests
  Urug (D:13)
  A fire crab (shapeshifter) (D:14)
  2 skysharks
  A wretched star (Abyss:1)
  11 salamander mystics
  Lodul (D:14)
  A sixfirhy (Gauntlet)
  A spectral death yak (Lair:5)
  10 sea snakes
  5 spectral anacondas
  3 anaconda zombies (Snake:2)
  An orange crystal statue (D:12)
  9 naga ritualists
  A lindwurm (shapeshifter) (Abyss:1)
  2 obsidian statues
  A wizard (D:14)
  A swamp dragon (shapeshifter) (Abyss:1)
  3 anaconda skeletons (Snake:2)
  2 deep elf pyromancers
  7 necromancers
  5 orc knights
  12 mana vipers
  6 manticores
  14 ugly things
  3 orc sorcerers (Orc:2)
  8 fauns
  17 salamanders
  8 cyclopes
  A dire elephant zombie (Lair:5)
  A worldbinder (Abyss:1)
  23 elephants
  15 naga magi
  6 merfolk sirens
  9 guardian serpents
  Maurice (D:8)
  A black mamba (shapeshifter) (D:10)
  2 ice statues
  2 water nymphs
  44 black mambas
  2 smoke demons (Abyss:1)
  A gargoyle (D:12)
  2 orange demons (Abyss:1)
  A torpor snail (Lair:5)
  10 cane toads
  A hellion (Abyss:1)
  A yaktaur (D:15)
  2 dire elephant skeletons (Lair:5)
  An ice devil (D:13)
  6 rime drakes
  14 komodo dragons
  2 tengu conjurers
  4 anaconda simulacra (Snake:2)
  7 trolls
  10 polar bears
  10 merfolk
  5 large abominations (Abyss:1)
  5 hornets
  4 wind drakes
  A raiju (Abyss:1)
  4 dream sheep (Lair:3)
  3 blink frogs (Lair:5)
  6 snapping turtles
  14 slime creatures
  A shadow (Abyss:1)
  3 wyverns
  8 wraiths
  78 yaks
  7 water elementals (Shoals:1)
  A vampire (D:12)
  2 steam dragons
  16 vampire mosquitoes
  6 basilisks
  A spectral cane toad (Lair:5)
  Menkaure (D:7)
  5 swamp worms (Lair:2)
  3 wargs
  46 nagas
  An acid dragon (D:10)
  15 water moccasins
  23 orc warriors
  2 black bears
  3 ice beasts
  5 boggarts (D:15)
  12 ogres
  2 centaurs
  An ogre (shapeshifter) (D:14)
  21 wolves
  An elephant skeleton (Lair:5)
  A phantom (D:4)
  3 kobold brigands
  5 elf zombies (Ossuary)
  9 bullfrogs
  3 small abominations (Abyss:1)
  A gnoll sergeant (D:7)
  5 scorpions
  2 cane toad simulacra (Lair:5)
  10 wights
  The ghost of Sensen the Trooper, a weakling DsWn (D:5)
  3 killer bees (D:9)
  3 elephant simulacra (Lair:5)
  4 electric eels
  2 howler monkeys
  5 centaur zombies (Ossuary)
  2 human zombies (Ossuary)
  3 jellies
  3 hounds
  13 orc priests
  17 iguanas
  An iron imp (D:13)
  5 sleepcaps
  30 orc wizards
  5 hell rats (Lair:5)
  4 mummies
  10 gnolls
  5 adders
  3 shadow imps
  2 white imps
  5 ufetubi
  2 worms (D:2)
  A dart slug (D:3)
  81 orcs
  5 bats
  5 endoplasms
  A giant cockroach (D:4)
  4 goblins
  8 hobgoblins
  22 kobolds
  3 quokkas
  2 ball pythons (D:1)
  18 frilled lizards
  A kobold zombie (D:7)
  An orc zombie (D:7)
  6 rats
  4 tentacles (Shoals:2)
1078 creatures vanquished.

Vanquished Creatures (others)
  A vampire (D:10)
  A small abomination (Abyss:1)
  An elephant skeleton (Lair:5)
  2 starspawn tentacles (Abyss:1)
  13 tentacles (Shoals:2)
18 creatures vanquished.

Grand Total: 1096 creatures vanquished

Notes
Turn   | Place    | Note
-------+----------+-------------------------------------------
     0 | D:1      | Peloso the Minotaur Fighter began the quest for the Orb.
     0 | D:1      | Reached XP level 1. HP: 19/19 MP: 0/0
   303 | D:1      | Reached XP level 2. HP: 22/27 MP: 1/1
   601 | D:2      | Reached XP level 3. HP: 16/33 MP: 2/2
   701 | D:2      | Reached skill level 4 in Shields
   972 | D:2      | Reached skill level 1 in Dodging
   972 | D:2      | Reached XP level 4. HP: 41/41 MP: 3/3
  1167 | D:3      | Found Rojysm's Antique Weapon Shoppe.
  1197 | D:3      | Reached XP level 5. HP: 37/47 MP: 4/4
  1428 | D:3      | Found a radiant altar of Vehumet.
  1431 | D:3      | Found a shimmering altar of Xom.
  1462 | D:3      | Found a glowing silver altar of Zin.
  1472 | D:3      | Found a shimmering blue altar of Sif Muna.
  1811 | D:4      | Noticed a phantom
  1834 | D:4      | Killed a phantom
  1835 | D:4      | Reached skill level 5 in Fighting
  1835 | D:4      | Reached skill level 5 in Long Blades
  1835 | D:4      | Reached XP level 6. HP: 51/56 MP: 5/5
  2232 | D:4      | Reached skill level 5 in Shields
  2233 | D:4      | Reached skill level 5 in Armour
  2401 | D:5      | Entered Level 5 of the Dungeon
  2522 | D:5      | Reached XP level 7. HP: 43/61 MP: 6/6
  2712 | D:5      | Found Jykiady's Magic Scroll Shop.
  2720 | D:5      | Bought a scroll of magic mapping for 90 gold pieces
  2991 | D:5      | Found a runed translucent gate.
  2992 | D:5      | Found a runed translucent gate.
  2992 | D:5      | Noticed Sensen's ghost (weakling DsWn)
  2993 | D:5      | Found a runed translucent gate.
  3446 | D:6      | Reached XP level 8. HP: 66/70 MP: 7/7
  3448 | D:6      | Noticed a komodo dragon
  3453 | D:6      | Killed a komodo dragon
  3454 | D:6      | Reached skill level 6 in Shields
  3695 | D:6      | Found a snail-covered altar of Cheibriados.
  3695 | D:6      | Found a blossoming altar of Fedhas.
  3884 | D:6      | Found a staircase to the Ecumenical Temple.
  4003 | Temple   | Entered the Ecumenical Temple
  4011 | Temple   | Became a worshipper of Warmaster Okawaru
  4197 | D:7      | Noticed Menkaure
  4204 | D:7      | Killed Menkaure
  4205 | D:7      | Reached skill level 10 in Long Blades
  4205 | D:7      | Reached skill level 7 in Shields
  4205 | D:7      | Reached XP level 9. HP: 75/78 MP: 8/8
  4210 | D:7      | Found a sand-covered staircase.
  4219 | Ossuary  | Entered an ossuary
  4270 | Ossuary  | Reached * piety under Okawaru
  4443 | Ossuary  | Identified a scroll of acquirement
  4751 | D:7      | Found Dazai's Distillery.
  4759 | D:7      | Bought a potion of curing for 33 gold pieces
  5288 | D:8      | Noticed Erica
  5299 | D:8      | Killed Erica
  5391 | D:8      | Reached ** piety under Okawaru
  5474 | D:8      | Noticed Maurice
  5484 | D:8      | Killed Maurice
  5485 | D:8      | Reached skill level 8 in Shields
  5485 | D:8      | Reached XP level 10. HP: 64/88 MP: 9/9
  6110 | D:9      | Reached *** piety under Okawaru
  6222 | D:9      | Reached skill level 1 in Invocations
  6236 | D:9      | Reached skill level 9 in Shields
  7031 | D:10     | Entered Level 10 of the Dungeon
  7095 | D:10     | Noticed a tengu warrior
  7095 | D:10     | Noticed an eight-headed hydra
  7096 | D:10     | Noticed a red ugly thing
  7099 | D:10     | Noticed a brown ugly thing
  7132 | D:10     | Identified the ring of Satisfaction {Will+ SInv}
  7132 | D:10     | Noticed an ogre mage
  7133 | D:10     | Found a staircase to the Orcish Mines.
  7134 | D:10     | Identified the ring "Ittautu" {rElec rF+ rC- Dex+6}
  7134 | D:10     | Noticed a centaur warrior
  7143 | D:10     | Noticed a centaur warrior
  7150 | D:10     | Noticed a death drake
  7151 | D:10     | Noticed a deep elf pyromancer
  7151 | D:10     | Noticed a centaur warrior
  7151 | D:10     | Noticed a manticore
  7160 | D:10     | HP: 4/90 [orc warrior/+0 long sword (3)]
  7379 | D:9      | Killed a centaur warrior
  7390 | D:10     | Reached skill level 10 in Shields
  7404 | D:10     | Reached **** piety under Okawaru
  7499 | D:10     | Noticed an eye of devastation
  7559 | D:10     | Noticed a fire crab
  7621 | D:10     | Paralysed by a hornet for 2 turns
  7893 | D:10     | Reached XP level 11. HP: 77/95 MP: 10/10
  8129 | D:10     | Reached ***** piety under Okawaru
  8130 | D:10     | Reached skill level 11 in Shields
  8524 | D:10     | Found a staircase to the Lair.
  8574 | Lair:1   | Entered Level 1 of the Lair of Beasts
  8629 | Lair:1   | Identified the +2 dagger "Tormentor" {heavy, Str+5}
  8690 | Lair:1   | Noticed a death yak
  8690 | Lair:1   | Noticed a death yak
  8751 | Lair:1   | Killed a death yak
  8752 | Lair:1   | Reached skill level 1 in Stealth
  8898 | Lair:1   | Noticed a death yak
  8911 | Lair:1   | Killed a death yak
  8925 | Lair:1   | Noticed a death yak
  8925 | Lair:1   | Noticed a death yak
  8946 | Lair:1   | Killed a death yak
  8957 | Lair:1   | Killed a death yak
  8958 | Lair:1   | Reached skill level 10 in Fighting
  8958 | Lair:1   | Reached skill level 12 in Shields
  9161 | Lair:1   | Identified the +1 pair of boots of Exclusion {rF+ Int-4
                  | Dex+5} (Okawaru gifted it to you on level 1 of the Lair of
                  | Beasts)
  9161 | Lair:1   | Received a gift from Okawaru
  9377 | Lair:1   | Noticed a boulder beetle
  9399 | Lair:1   | Killed a boulder beetle
  9531 | Lair:1   | Noticed a death yak
  9534 | Lair:1   | Noticed a death yak
  9537 | Lair:1   | Killed a death yak
  9545 | Lair:1   | Killed a death yak
  9546 | Lair:1   | Reached XP level 12. HP: 105/107 MP: 9/11
  9550 | Lair:1   | Killed a death yak
  9551 | Lair:1   | Reached skill level 13 in Shields
  9874 | Lair:2   | Found a transporter.
  9956 | Lair:2   | Found a staircase to the Shoals.
 10280 | Lair:2   | Found a transporter.
 11073 | Lair:3   | Reached skill level 14 in Shields
 11074 | Lair:3   | Noticed an eight-headed hydra
 11084 | Lair:3   | Reached skill level 10 in Armour
 11086 | Lair:3   | Killed a six-headed hydra
 11121 | Lair:3   | Found a frozen archway.
 11138 | IceCv    | Entered an ice cave
 11249 | IceCv    | Noticed a death yak
 11257 | IceCv    | Reached ****** piety under Okawaru
 11258 | IceCv    | Reached skill level 15 in Shields
 11271 | IceCv    | Killed a death yak
 11385 | IceCv    | Reached skill level 15 in Long Blades
 11464 | IceCv    | Identified the +6 scimitar of the Grave {heavy, rElec rPois
                  | rN+ Int+3 Stlth-} (Okawaru gifted it to you in an ice cave)
 11464 | IceCv    | Received a gift from Okawaru
 11775 | IceCv    | Noticed a death yak
 11804 | IceCv    | Killed a death yak
 11807 | IceCv    | Noticed a death yak
 11808 | IceCv    | Noticed a death yak
 11815 | IceCv    | Killed a death yak
 11816 | IceCv    | Reached XP level 13. HP: 116/116 MP: 12/12
 11820 | IceCv    | Reached skill level 16 in Shields
 11900 | IceCv    | Noticed a frost giant
 12240 | IceCv    | Killed a frost giant
 12240 | IceCv    | Received a gift from Okawaru
 12334 | IceCv    | Identified the +6 long sword "Eprediw" {freeze, Str+3}
 12948 | Lair:3   | Found a staircase to the Snake Pit.
 13595 | Lair:2   | Identified the +0 cloak of Sin {Str+5}
 13714 | Lair:1   | Reached skill level 17 in Shields
 13852 | D:11     | Found a sparkling altar of Nemelex Xobeh.
 14040 | D:11     | Found Odwoz's Book Boutique.
 14229 | D:11     | Noticed Fannar
 14243 | D:11     | Killed Fannar
 14516 | D:12     | Identified the +3 scale mail of Animp {rN+ Dex+4} (Okawaru
                  | gifted it to you on level 12 of the Dungeon)
 14516 | D:12     | Received a gift from Okawaru
 14773 | D:12     | Identified the ring of Peinn {rPois rF++ Str+4 Stlth+}
 14785 | D:12     | Identified the staff of poison "Qiste" {rPois rC+ rCorr
                  | MP+9}
 15066 | D:12     | Identified the +6 short sword of Res Nullius {pain, Fly
                  | rN++ Dex+3}
 15885 | D:5      | Killed Sensen's ghost
 15891 | Abyss:1  | Cast into level 1 of the Abyss (kobold)
 15898 | Abyss:1  | Found a corrupted altar of Lugonu.
 16006 | Abyss:1  | Found a corrupted altar of Lugonu.
 16068 | Abyss:1  | Reached skill level 18 in Shields
 16138 | Abyss:1  | Reached XP level 14. HP: 127/127 MP: 13/13
 16170 | Abyss:1  | Noticed a tentacled starspawn
 16176 | Abyss:1  | Killed a tentacled starspawn
 16339 | D:5      | Escaped the Abyss
 16364 | D:5      | Identified the +3 leather armour of Akopli {*Slow rPois
                  | Will+ rCorr}
 16503 | Orc:1    | Entered Level 1 of the Orcish Mines
 16505 | Orc:1    | Noticed Snorg
 16519 | Orc:1    | Killed Snorg
 16765 | Orc:1    | You fall into a shaft and drop 1 floor!
 16765 | Orc:2    | Entered Level 2 of the Orcish Mines
 17045 | Orc:2    | Found a staircase to the Elven Halls.
 17798 | Orc:2    | Paralysed by an orc sorcerer for 2 turns
 17817 | Orc:2    | Reached skill level 19 in Shields
 17830 | Orc:2    | Received a gift from Okawaru
 17934 | Orc:2    | Found Jat Pudghux's Book Boutique.
 17934 | Orc:2    | Found Akluapt's Magic Scroll Shoppe.
 17936 | Orc:2    | Found Selupru Kibu's Magic Scroll Boutique.
 17936 | Orc:2    | Found Nouhuwa's Distillery.
 17944 | Orc:2    | Bought a scroll of fog for 60 gold pieces
 17946 | Orc:2    | Bought a potion of berserk rage for 80 gold pieces
 17946 | Orc:2    | Bought a potion of lignification for 48 gold pieces
 17946 | Orc:2    | Bought a potion of might for 64 gold pieces
 17946 | Orc:2    | Bought a potion of might for 64 gold pieces
 18262 | D:10     | Paralysed by something for 3 turns
 18310 | D:10     | Identified the +5 scale mail of Wohaullo {rN+} (Okawaru
                  | gifted it to you on level 10 of the Dungeon)
 18310 | D:10     | Received a gift from Okawaru
 18871 | D:13     | Noticed Frances
 18943 | D:13     | Noticed Erolcha
 18943 | D:13     | Noticed Urug
 18962 | D:13     | Killed Urug
 18968 | D:13     | Killed Erolcha
 19141 | D:13     | Killed Frances
 19670 | Shoals:1 | Entered Level 1 of the Shoals
 19779 | Lair:4   | Reached skill level 20 in Shields
 19825 | Lair:4   | Found a stormy altar of Qazlal.
 19845 | Lair:4   | Found a gate leading to a gauntlet.
 19872 | Gauntlet | Entered a Gauntlet
 19872 | Gauntlet | Found a transporter.
 19872 | Gauntlet | Found a transporter.
 19872 | Gauntlet | Found a transporter.
 19872 | Gauntlet | Found a transporter.
 19893 | Gauntlet | Found a transporter.
 19907 | Gauntlet | Found a transporter.
 19911 | Gauntlet | Found a transporter.
 19913 | Gauntlet | Found a large runed translucent door.
 19914 | Gauntlet | Found a large runed translucent door.
 19915 | Gauntlet | Found a large runed translucent door.
 19915 | Gauntlet | Found a large runed translucent door.
 19915 | Gauntlet | Found a runed translucent door.
 19915 | Gauntlet | Found a runed translucent door.
 19916 | Gauntlet | Found a large runed translucent door.
 19916 | Gauntlet | Found a large runed translucent door.
 19916 | Gauntlet | Found a large runed translucent door.
 19916 | Gauntlet | Found a large runed translucent door.
 19917 | Gauntlet | Found a large runed translucent door.
 19918 | Gauntlet | Found a large runed translucent door.
 19919 | Gauntlet | Found a large runed translucent door.
 19919 | Gauntlet | Found a large runed translucent door.
 19920 | Gauntlet | Found a large runed translucent door.
 19920 | Gauntlet | Found a large runed translucent door.
 19920 | Gauntlet | Found a large runed translucent door.
 19920 | Gauntlet | Found a large runed translucent door.
 19923 | Gauntlet | Found a runed translucent gate.
 19923 | Gauntlet | Found a runed translucent gate.
 19923 | Gauntlet | Found a runed translucent gate.
 19925 | Gauntlet | Found a transporter.
 19950 | Gauntlet | Found a transporter.
 19982 | Gauntlet | Found a transporter.
 20015 | Gauntlet | Found a transporter.
 20017 | Gauntlet | Found a transporter.
 20285 | Gauntlet | Reached XP level 15. HP: 121/136 MP: 15/15
 20327 | Gauntlet | Identified the ring of Geewekki {rElec Int+7 Dex+6 Stlth-}
 20463 | Gauntlet | Identified the staff of earth "Fogait" {rCorr Stlth+}
 20581 | Lair:4   | Identified the +0 robe of Fasikk {rElec rF+++ SInv}
 21604 | Lair:5   | Entered Level 5 of the Lair of Beasts
 21612 | Lair:5   | Identified the +2 scale mail of the Abyss {SInv} (Okawaru
                  | gifted it to you on level 5 of the Lair of Beasts)
 21612 | Lair:5   | Received a gift from Okawaru
 21971 | Lair:5   | Reached skill level 21 in Shields
 21992 | Lair:5   | Found a viscous altar of Jiyva.
 21992 | Lair:5   | Found a staircase to the Slime Pits.
 22105 | Lair:5   | Noticed Nessos
 22113 | Lair:5   | Killed Nessos
 24484 | D:14     | Found a broken altar of Ashenzari.
 24500 | D:14     | Noticed Lodul
 24512 | D:14     | Killed Lodul
 24517 | D:14     | Received a gift from Okawaru
 24657 | D:14     | Received a gift from Okawaru
 24690 | D:14     | Found a gate to the Vaults.
 24948 | D:14     | Reached skill level 22 in Shields
 24993 | D:14     | Reached XP level 16. HP: 147/147 MP: 16/16
 25053 | D:14     | Noticed Agnes
 25068 | D:14     | Killed Agnes
 25706 | D:15     | Entered Level 15 of the Dungeon
 25718 | D:15     | Noticed Josephine
 25723 | D:15     | Paralysed by an ogre mage for 5 turns
 25724 | D:15     | Identified the +6 tower shield of Lethargy {Will+ rCorr}
 25724 | D:15     | Noticed Louise
 25728 | D:15     | Noticed Rupert
 25729 | D:15     | Reached skill level 15 in Fighting
 25750 | D:15     | Killed Rupert
 25759 | D:15     | Killed Josephine
 25759 | D:15     | Received a gift from Okawaru
 25775 | D:15     | Killed Louise
 26346 | D:15     | Identified the +2 pair of boots of the Bagpipe {rElec Str+3
                  | Dex-5 SInv}
 26715 | D:15     | Found a staircase to the Depths.
 28932 | Snake:1  | Entered Level 1 of the Snake Pit
 28937 | Snake:1  | Reached skill level 23 in Shields
 29003 | Snake:1  | Reached skill level 1 in Evocations
 29225 | Snake:1  | Noticed Aizul
 29233 | Snake:1  | Identified the +4 hat "Weiz Xioth" {rC+} (Okawaru gifted it
                  | to you on level 1 of the Snake Pit)
 29233 | Snake:1  | Received a gift from Okawaru
 29239 | Snake:1  | Killed Aizul
 29495 | Snake:1  | Found Meovuots's Book Emporium.
 29498 | Snake:1  | Found Izebbam's Jewellery Boutique.
 29507 | Snake:1  | Found Litaxzawk's Book Emporium.
 29524 | Snake:1  | Bought the amulet of Vitality {RegenMP++ Regen++} for 1300
                  | gold pieces
 29524 | Snake:1  | Found the amulet of Vitality {RegenMP++ Regen++}
 30101 | Snake:2  | Noticed Ireodoys's ghost (journeyman DsFE)
 30119 | Snake:2  | Found a runed translucent gate.
 30119 | Snake:2  | Found a runed translucent gate.
 30119 | Snake:2  | Found a runed translucent gate.
 31026 | Snake:2  | Reached XP level 17. HP: 157/158 MP: 17/17
 31340 | Snake:2  | Received a gift from Okawaru
 31393 | Snake:2  | Reached skill level 24 in Shields
 31790 | Snake:3  | Reached skill level 15 in Armour
 32245 | Snake:4  | Entered Level 4 of the Snake Pit
 32498 | Snake:4  | Found Hiymiggiok's Assorted Antiques.
 32502 | Snake:4  | Found Ohaeranka's Jewellery Emporium.
 32515 | Snake:4  | Bought a scroll labelled ZEKALE FI MUS for 29 gold pieces
 32560 | Snake:4  | Reached skill level 25 in Shields
 32638 | Snake:4  | Identified the +0 pair of gloves of Immorality {rElec rPois
                  | rC+} (Okawaru gifted it to you on level 4 of the Snake Pit)
 32638 | Snake:4  | Received a gift from Okawaru
 33212 | Snake:4  | Reached XP level 18. HP: 168/168 MP: 18/18
 33433 | Snake:4  | Got a serpentine rune of Zot
 33479 | Snake:4  | Identified the +0 pair of gloves "Fidiosacs" {Harm *Corrode
                  | rN+ Will+} (Okawaru gifted it to you on level 4 of the
                  | Snake Pit)
 33479 | Snake:4  | Received a gift from Okawaru
 34503 | Shoals:1 | Found Qiudd's One-of-a-Kind Rings.
 34532 | Shoals:1 | Reached skill level 26 in Shields
 35969 | Shoals:2 | Found Beicoruo's Weapon Shoppe.
 35969 | Shoals:2 | Noticed Ilsuiw
 35984 | Shoals:2 | HP: 8/170 [merfolk impaler/+0 trident[Ilsuiw] (4)]
 36000 | Shoals:2 | HP: 5/170 [drowned by a water elemental[Ilsuiw] (5)]
 36002 | Shoals:2 | HP: 2/170 [water elemental[Ilsuiw] (11)]
 36005 | Shoals:2 | Hit by a javelin thrown by a merfolk javelineer

Illustrated notes

Levels and vault maps discovered:
D:1:      lemuel_arrival_hallway, layout_rooms,
          hangedman_abyss_or_decor_lesser_grid
D:2:      layout_rooms
D:3:      layout_rooms, grunt_temple_overflow_cloverleaf, serial_shops, shop,
          minivault_5, serial_bayou_ford_a
D:4:      layout_cave_pools
D:5:      layout_basic, gammafunk_ghost_nasty_kobolds, serial_shops, shop,
          eino_small_chamber_without_monster
D:6:      layout_loops_cross, gammafunk_temple_overflow_wave,
          minmay_temple_entry_tees
D:7:      layout_loops_cross, serial_shops, nicolae_shop_stone,
          nicolae_ossuary_entry_giza, uniq_menkaure
D:8:      layout_loops_cross, uniq_maurice, uniq_erica
D:9:      wad_pebble_path, layout_irregular_city
D:10:     layout_cave_pools, erik_lair_dragon, david_orc_3, chequers_arboretum,
          minmay_misc_feat_plants, serial_bayou_pond_b, minivault_12
D:11:     layout_cave_pools, serial_shops, nicolae_shop_pleasant_corner_grove,
          nemelex_xobeh_ov_fountains_minmay, uniq_fannar
D:12:     layout_grid_maze, minmay_protected_statue
D:13:     kennysheep_demon_hangout, layout_loops_ring, minmay_more_statues,
          uniq_erolcha, uniq_frances, uniq_urug
D:14:     layout_roguey, david_vaults_1, ashenzari_altar_1, uniq_lodul,
          uniq_agnes
D:15:     hangedman_depths_entry_try_elsewhere_first, layout_basic, uniq_louise,
          uniq_josephine, uniq_rupert
Temple:   nicolae_temple_x_marks_the_god
Lair:1:   layout_regular_city
Lair:2:   gammafunk_worm_tunnel, layout_layer_cave, elwin_shoals_entry_rocks,
          grunt_megastairs_2, infiniplex_staircase_pool
Lair:3:   layout_long_grid, nicolae_snake_entry_squirm,
          portal_ice_cave_entry_pillars_1, beast_lair_carwin_11,
          grunt_megastairs_4
Lair:4:   lemuel_reptile_caves, layout_regular_city, basic_altar,
          gauntlet_entry_generic
Lair:5:   due_jungle_book, layout_loops_ring, minmay_slime_entry_pillars,
          uniq_nessos
Shoals:1: layout_shoals, nicolae_shop_unique_rings
Shoals:2: layout_shoals, nicolae_shoals_stone_sculpture_thing,
          nicolae_take_the_stairs, uniq_ilsuiw
Snake:1:  layout_misc_corridors, nicolae_integral_box, serial_bayou_shore_a,
          minmay_shop_grove, uniq_aizul
Snake:2:  nrook_guardian_serpent_snake_passage, layout_chambers,
          gammafunk_ghost_split, nicolae_snake_dead_anacondas
Snake:3:  layout_misc_corridors, st_stairs_14
Snake:4:  johnstein_snake_rune_scales, layout_misc_corridors, minmay_shop_star,
          lemuel_fruit_tree
Orc:1:    layout_caves, nicolae_orc_sculptors_studio, uniq_snorg
Orc:2:    grunt_orc_tribal_feast, layout_caves

Skill      XL: |  1  2  3  4  5  6  7  8  9 10 11 12 13 14 15 16 17 18 |
---------------+-------------------------------------------------------+-----
Fighting       | 4 5 6 7 8 10 11 12 13 14 15 16 17 | 17.4
Armour         | 4 5 6 7 8 9 10 11 12 13 14 15 | 15.9
Shields        | 4 5 7 8 10 12 15 18 20 22 23 25 26 | 26.6
Long Blades    | 3 5 6 7 10 12 13 14 15 16 17 18 | 18.9
Dodging        | 1 2 3 4 |  4.5
Invocations    | 1 |  1.4
Stealth        | 1 2 |  2.4
Evocations     | 1 |  1.1

Action                     |  1- 3 |  4- 6 |  7- 9 | 10-12 | 13-15 | 16-18 || total
---------------------------+-------+-------+-------+-------+-------+-------++-------
  Melee: Long sword        |    70 |   116 |   268 |       |       |       ||   454
         Headbutt          |     7 |    23 |    87 |   136 |   294 |   332 ||   879
         Scimitar          |       |       |    22 |   570 |  1085 |  1188 ||  2865
 Invoke: Heroism           |       |       |     2 |     4 |     5 |     4 ||    15
  Evoke: Wand              |       |       |       |       |     2 |     8 ||    10
    Use: Potion            |     3 |       |     1 |     4 |     5 |    11 ||    24
         Scroll            |     1 |     3 |     2 |    12 |    13 |     4 ||    35
 Armour: Scale mail        |    15 |       |       |       |       |       ||    15
         Chain mail        |     6 |       |       |       |     1 |       ||     7
         Plate armour      |     3 |    43 |    68 |    93 |   391 |   493 ||  1091
  Dodge: Dodged            |    35 |    42 |    81 |   152 |   205 |   281 ||   796
  Block: Buckler           |    25 |    57 |   113 |       |       |       ||   195
         Reflection        |     2 |     2 |     3 |    12 |    62 |     7 ||    88
         Kite shield       |       |       |    16 |   192 |       |       ||   208
         Tower shield      |       |       |       |   393 |  1822 |  2468 ||  4683
